 Dungeon Crawl Stone Soup version 0.18-a0-1443-ge8f1551 (webtiles) character file.

145 glosham the Chopper (level 5, -4/37 HPs)
             Began as a Mummy Arcane Marksman on Feb 29, 2016.
             Was a Believer of Cheibriados.
             Killed by divine providence
             ... invoked by an orc priest
              (11 damage)
             ... on level 4 of the Dungeon.
             The game lasted 00:31:33 (2717 turns).

glosham the Chopper (Mummy Arcane Marksman)         Turns: 2717, Time: 00:31:33

Health: -4/37      AC:  8    Str: 21    XL:     5   Next: 6%
Magic:  6/6        EV:  8    Int: 17    God:    Cheibriados [**....]
Gold:   299        SH:  0    Dex: 16    Spells: 0 memorised, 6 levels left

rFire  x . .     SeeInvis .     a - +0 hand axe
rCold  + . .     Gourm    .     X - +0 chain mail
rNeg   + + +     Faith    .     (no shield)
rPois  ∞         Spirit   .     (no helmet)
rElec  .         Dismiss  .     (no cloak)
rCorr  .         Reflect  .     (no gloves)
SustAt .         Harm     .     (no boots)
MR     .....                    (no amulet)
Stlth  ..........               (no ring)
                                B - ring of loudness (curse)

@: very slow, not resistant to hostile enchantments, extremely unstealthy
A: no food or potions, fire vulnerability, cold resistance 1, negative energy
resistance 3, torment resistance, unbreathing
a: Bend Time, Renounce Religion


You were on level 4 of the Dungeon.
You worshipped Cheibriados.
Cheibriados was pleased with you.
You were not hungry.

You visited 1 branch of the dungeon, and saw 4 of its levels.

You collected 299 gold pieces.

Inventory:

Hand Weapons
 a - a +0 hand axe (weapon)
 b - a +0 hunting sling
 g - a +2 dagger of protection
 j - a +0 mace
Missiles
 c - 5 javelins (quivered)
 e - 35 arrows
 h - 16 bolts of frost
 i - 96 stones
 k - 16 bolts
 l - 5 arrows of flame
Armour
 T - a +0 robe
 X - a +0 chain mail (worn)
Jewellery
 A - an uncursed ring of wizardry
 B - a cursed ring of loudness (left hand)
Books
 f - a book of Debilitation

   Spells                             Type                      Level
   a - Corona                         Hexes                        1
   b - Slow                           Hexes                        2
   c - Gell's Gravitas                Hexes/Translocation          3
   d - Inner Flame                    Hexes/Fire                   3
   e - Cause Fear                     Hexes                        4
   f - Leda's Liquefaction            Hexes/Earth                  4


   Skills:
 - Level 1.5 Fighting
 * Level 3.5 Axes
 - Level 1.5 Throwing
 + Level 0.8 Armour
 - Level 1.5 Dodging
 - Level 1.0 Spellcasting
   Level 2.6 Hexes


You had 6 spell levels left.
You didn't know any spells.

Dungeon Overview and Level Annotations

Branches:
Dungeon (4/15)
 Temple: D:4-7

Altars:
Cheibriados


Innate Abilities, Weirdness & Mutations

You do not eat or drink.
Your flesh is vulnerable to fire.
You are immune to poison.
Your flesh is cold resistant.
You are immune to negative energy.
You are immune to unholy pain and torment.
You can survive without breathing.


Message History

The orc priest is caught in the net!
The orc priest invokes the aid of Beogh against you.
Beogh smites you!
The orc priest struggles against the net.
You hear a shout! x2
You hit the orc priest.
The orc priest is lightly wounded.
You barely miss the orc priest.
The orc priest is lightly wounded.
The orc priest struggles against the net.
An orc comes into view. It is wielding a trident.
You hit the orc priest.
The orc priest is heavily wounded.
The orc priest calls down the wrath of Beogh upon you.
You struggle to resist.
The orc priest struggles against the net.
You hit the orc priest but do no damage.
The orc priest is heavily wounded.
The orc barely misses you.
The helpless orc priest fails to defend itself.
You hit the orc priest but do no damage.
The orc priest is heavily wounded.
The orc priest struggles against the net.
The orc hits you but does no damage.
You hit the orc priest but do no damage.
The orc priest is heavily wounded.
The orc priest calls down the wrath of Beogh upon you.
Beogh smites you!
* * * LOW HITPOINT WARNING * * *
The orc priest struggles against the net.
The orc closely misses you.
You hear a shout!
You can't drink.
Unknown command.
You hit the orc priest but do no damage.
The orc priest is heavily wounded.
The orc hits you but does no damage.
The orc priest mumbles some strange prayers to Beogh against you.
Beogh smites you!
You die...

##.....######.....#
.....#.# #.#.#.#
##.....# #.#.#.#
#.#.### #.#...#
...#.# #.##..#
####.# #.##..# #+
#.##..# #.....#
####@## ##.#o#
###..oo#########..h
+.......o..........o
###.....##.#####....
#.#.#.##†# .
#.###..#.# # ##.#.#
#+# #.####.#.#


You could see an orc priest (caught) and 3 orcs.

Vanquished Creatures
  Ijyb (D:2)
  A worker ant (D:4)
  An adder (D:1)
  An ooze (D:2)
  2 worms
  2 dart slugs (D:2)
  An orc (D:3)
  2 ball pythons
  12 bats
  6 giant cockroaches
  6 goblins
  8 hobgoblins
  5 jackals
  4 kobolds
  A quokka (D:3)
  4 giant newts
  10 rats
67 creatures vanquished.

Notes
Turn   | Place    | Note
--------------------------------------------------------------
     0 | D:1      | glosham the Mummy Arcane Marksman began the quest for the Orb.
     0 | D:1      | Reached XP level 1. HP: 15/15 MP: 2/2
   328 | D:1      | Reached skill level 1 in Axes
   328 | D:1      | Reached XP level 2. HP: 21/21 MP: 3/3
   490 | D:1      | Found a snail-covered altar of Cheibriados.
   506 | D:1      | Became a worshipper of Cheibriados the Contemplative
   802 | D:2      | Reached XP level 3. HP: 22/26 MP: 4/4
   887 | D:2      | Reached skill level 2 in Axes
   938 | D:2      | Noticed Ijyb
  1005 | D:1      | Reached * piety under Cheibriados
  1181 | D:2      | Killed Ijyb
  1181 | D:2      | Reached XP level 4. HP: 12/32 MP: 5/5
  1736 | D:2      | Reached skill level 3 in Axes
  2102 | D:3      | Reached ** piety under Cheibriados
  2610 | D:4      | Reached XP level 5. HP: 19/37 MP: 6/6
  2717 | D:4      | Killed from afar by an orc priest

Vault maps used:
D:1:      saegor_arrival_under_anarchy, cheibriados_altar_1
D:2:      uniq_iyjb
D:4:      lemuel_coloured_pillars_altar, gup_sewer_entry_bubbles, first_bread,
          okawaru_gym_becter

Skill      XL: |  1  2  3  4 |
---------------+-------------+-----
Axes           | 1 2 3 |  3.5
Fighting       | |  1.5
Throwing       | |  1.5
Armour         | |  0.8
Dodging        | |  1.5
Spellcasting   | |  1.0
Hexes          | |  2.6

Action                   |  1- 3 |  4- 6 || total
-------------------------+-------+-------++-------
Melee: Hand axe          |   153 |   158 ||   311
       Unarmed           |    20 |       ||    20
Throw: Javelin           |     1 |     4 ||     5
       Throwing net      |       |     2 ||     2
  Use: Scroll            |     1 |     2 ||     3
 Stab: Held in net/web   |       |     1 ||     1

Table legend:
 A = Turns spent in this place as a percentage of turns spent in the entire game.
 B = Non-inter-level travel turns spent in this place as a percentage of non-inter-level travel turns spent in the entire game.
 C = Inter-level travel turns spent in this place as a percentage of turns spent in this place.
 D = Turns resting spent in this place as a percentage of non-inter-level travel turns spent in this place.
 E = Turns spent auto-exploring this place as a percentage of non-inter-level travel turns spent in this place.
 F = Non-inter-level travel turns spent in this place divided by the number of levels of this place that you've seen.
                   A       B       C       D       E      F
               +-------+-------+-------+-------+-------+----------------------
         Total | 100.0 | 100.0 |   0.4 |   1.4 |   0.1 | 396.5
       Dungeon | 100.0 | 100.0 |   0.4 |   1.4 |   0.1 | 396.5
               +-------+-------+-------+-------+-------+----------------------

Table legend:
 A = Kills in this place as a percentage of kills in entire the game.
 B = Kills by you in this place as a percentage of kills by you in the entire game.
 C = Kills by friends in this place as a percentage of kills by friends in the entire game.
 D = Other kills in this place as a percentage of other kills in the entire game.
 E = Experience gained in this place as a percentage of experience gained in the entire game.
 F = Experience gained in this place divided by the number of levels of this place that you have seen.
                   A       B       C       D       E      F
               +-------+-------+-------+-------+-------+----------------------
         Total | 100.0 | 100.0 |  -nan |  -nan | 100.0 |  52.0
       Dungeon | 100.0 | 100.0 |  -nan |  -nan | 100.0 |  52.0
               +-------+-------+-------+-------+-------+----------------------

Vault maps used:
D:1:      saegor_arrival_under_anarchy, cheibriados_altar_1
D:2:      uniq_iyjb
D:4:      lemuel_coloured_pillars_altar, gup_sewer_entry_bubbles, first_bread,
          okawaru_gym_becter
